 Dungeon Crawl Stone Soup version 0.20-a0-673-g53087c7 (webtiles) character file.

26 M4edhros the Sneak (level 3, -2/23 HPs)
             Began as an Octopode Artificer on Feb 18, 2017.
             Slain by a gnoll
             ... wielding a +0 club
              (7 damage)
             ... on level 3 of the Dungeon.
             The game lasted 00:01:43 (1298 turns).

M4edhros the Sneak (Octopode Artificer)             Turns: 1298, Time: 00:01:43

Health: -2/23      AC:  1    Str: 11    XL:     3   Next: 8%
Magic:  5/5        EV: 13    Int: 13    God:
Gold:   39         SH:  0    Dex: 13    Spells: 2/2 levels left

rFire    . . .     SeeInvis .   a - +0 short sword
rCold    . . .     Gourm    .   (no shield)
rNeg     . . .     Faith    .   (helmet restricted)
rPois    .         Spirit   .   (no amulet)
rElec    .         Reflect  .   (no ring)
rCorr    .         Harm     .   (no ring)
MR       .....                  (no ring)
Stlth    ++++......             (no ring)
Regen    0.1/turn               (no ring)
MPRegen  0.1/turn               (no ring)
                                (no ring)
                                (no ring)

@: no status effects
A: almost no armour, stealthy swim, amphibious, 8 rings, constrict 8, camouflage
1, gelatinous body 1
a: no special abilities


You were on level 3 of the Dungeon.
You were very hungry.

You visited 1 branch of the dungeon, and saw 3 of its levels.

You collected 39 gold pieces.

Inventory:

Hand Weapons
 a - a +0 short sword (weapon)
Missiles
 e - 47 stones (quivered)
Wands
 b - a wand of flame (15/48)
 c - a wand of enslavement (9/24)
 d - a wand of random effects (11/48)
Scrolls
 i - a scroll of noise {unknown}
Comestibles
 f - a bread ration
 g - 3 meat rations


   Skills:
 - Level 1.0 Fighting
 - Level 1.0 Short Blades
 - Level 2.0 Dodging
 + Level 4.2 Stealth
 - Level 3.2 Evocations


You had 2 spell levels left.
You didn't know any spells.

Dungeon Overview and Level Annotations

Branches:
Dungeon (3/15)

Altars:

Annotations:
D:3 Sigmund


Innate Abilities, Weirdness & Mutations

You cannot wear most types of armour.
You are very stealthy in the water. (Stealth+)
You are amphibious.
You can wear up to eight rings at the same time.
You can use your tentacles to constrict eight enemies at once.
Your skin changes colour to match your surroundings (Stealth+).
Your rubbery body absorbs attacks. (AC +1, EV +1)


Message History

The bat completely misses you. The bat misses you.
The leopard gecko barely misses you.
Evoke which item? (* to show all) (? for menu, Esc to quit)
Aiming: Enslavement
Press: ? - help, Shift-Dir - straight line, f - leopard gecko
Aim: a leopard gecko (chance to defeat MR: 72%)
The gnoll struggles to resist.
This wand has 10 charges left.
The leopard gecko bites you.
* * * LOW HITPOINT WARNING * * *
The gnoll misses you. The bat hits you.
* * * LOW HITPOINT WARNING * * *
The gnoll barely misses you.
Evoke which item? (* to show all) (? for menu, Esc to quit)
Aiming: Enslavement
Press: ? - help, Shift-Dir - straight line, f - bat
Aim: a bat (chance to defeat MR: 72%)
The gnoll struggles to resist.
This wand has 9 charges left.
The bat hits you but does no damage. The bat misses you.
The leopard gecko closely misses you. The gnoll hits you with a club!
You die...

#.............###......###...#...
#..............#........#<..#...
#..............#........ #..#.#.
#..............###...... #.>....
##................#......##...##.
#...##.........................#.
#...##............g......#.......
....##.........bgl)......#.....##
...###..........@b.......#.#.####
..## ######......g.......#.#<....
### ########.....#.####.##.
.....# ... .....# .### ###### ..
!# .# .#


You could see 3 gnolls, a leopard gecko and 2 bats.

Vanquished Creatures
  A gnoll (D:3)
  A leopard gecko (D:3)
  A giant cockroach (D:3)
  2 hobgoblins
  2 bats
  4 frilled lizards
  2 goblins
  2 kobolds
  4 rats
19 creatures vanquished.

Vanquished Creatures (others)
  An adder (D:3)
1 creature vanquished.

Grand Total: 20 creatures vanquished

Notes
Turn   | Place    | Note
-------+----------+-------------------------------------------
     0 | D:1      | M4edhros the Octopode Artificer began the quest for the Orb.
     0 | D:1      | Reached XP level 1. HP: 13/13 MP: 3/3
    75 | D:1      | Reached skill level 2 in Stealth
   124 | D:2      | Reached XP level 2. HP: 16/18 MP: 4/4
   127 | D:2      | Reached skill level 3 in Stealth
   408 | D:3      | Noticed a sky beast
   844 | D:3      | Noticed Sigmund
  1295 | D:3      | Reached skill level 4 in Stealth
  1296 | D:3      | Reached XP level 3. HP: 7/23 MP: 5/5
  1298 | D:3      | Slain by a gnoll

Vault maps used:
D:1:      evilmike_arrival_home_sweet_home, hangedman_decor_push,
          serial_bayou_pond_b
D:2:      hex_intersection
D:3:      first_bread, minmay_misc_feat_iff, uniq_sigmund, uniq_purgy

Skill      XL: |  1  2 |
---------------+-------+-----
Stealth        | 2 4 |  4.2
Fighting       | |  1.0
Short Blades   | |  1.0
Dodging        | |  2.0
Evocations     | |  3.2

Action                   || total
-------------------------++-------
Melee: Short sword       ||    46
       Constrict         ||     8
       Tentacles         ||     4
Evoke: Wand              ||    10
  Use: Potion            ||     1
 Stab: Sleeping          ||     5
       Confused          ||     1
Armor: Skin              ||     9
Dodge: Dodged            ||    45
